 Dungeon Crawl Stone Soup version 0.20.1-1-g8b1a95d (webtiles) character file.

69 FollowTheCloud the Chucker (level 4, -2/35 HPs)
             Began as a Demonspawn Hunter on Aug 28, 2017.
             Killed from afar by Ijyb (4 damage)
             ... with a wand of flame (?/48)
             ... on level 2 of the Dungeon.
             The game lasted 00:07:41 (1741 turns).

FollowTheCloud the Chucker (Demonspawn Hunter)      Turns: 1741, Time: 00:07:42

Health: -2/35      AC:  4    Str: 13    XL:     4   Next: 2%
Magic:  4/4        EV: 12    Int: 12    God:
Gold:   90         SH:  0    Dex: 14    Spells: 3/3 levels left

rFire    + . .     SeeInvis .   a - +0 short sword
rCold    . . .     Gourm    .   (no shield)
rNeg     . . .     Faith    .   b - +0 leather armour
rPois    .         Spirit   .   (no helmet)
rElec    .         Reflect  .   (no cloak)
rCorr    .         Harm     .   (no gloves)
MR       .....                  (no boots)
Stlth    +.........             (no amulet)
Regen    0.2/turn               (no ring)
MPRegen  0.1/turn               (no ring)

@: no status effects
A: rugged brown scales 1, fire resistance 1, flame cloud immunity
a: no special abilities


You were on level 2 of the Dungeon.
You were hungry.

You visited 1 branch of the dungeon, and saw 2 of its levels.

You collected 90 gold pieces.

Inventory:

Hand Weapons
 a - a +0 short sword (weapon)
Missiles
 c - 4 javelins
 d - 2 throwing nets
 e - 8 poisoned needles
 i - 14 stones (quivered)
Armour
 b - a +0 leather armour (worn)
Jewellery
 g - a +2 ring of evasion {unknown}
Scrolls
 m - a scroll of fear {unknown}
 n - a scroll of teleportation {unknown}
Potions
 j - a potion of brilliance {unknown}
 k - a potion of ambrosia {unknown}
 l - a potion of agility {unknown}
Comestibles
 f - 2 bread rations
 h - 4 fruits


   Skills:
 + Level 2.5 Fighting
 - Level 0.6 Short Blades
 + Level 4.4 Throwing
 + Level 0.8 Armour
 - Level 2.0 Dodging
 - Level 0.8 Stealth


You had 3 spell levels left.
You didn't know any spells.

Dungeon Overview and Level Annotations

Branches:
Dungeon (2/15)

Altars:

Annotations:
D:2 Ijyb


Innate Abilities, Weirdness & Mutations

You are partially covered in rugged brown scales. (AC +1, +3% HP)
Your flesh is heat resistant. (rF+)
You are immune to clouds of flame.


Message History

Press: ? - help, Shift-Dir - straight line, f/p - Ijyb
Aim: Ijyb, wearing a ring mail and carrying a wand of flame (?/48) {zapped: 1} (moderately wounded)
You throw a stone. The stone closely misses Ijyb.
Ijyb hits you.
* * * LOW HITPOINT WARNING * * *
Throwing (i - inventory. (,) - cycle):
i - 16 stones (quivered)
Press: ? - help, Shift-Dir - straight line, f/p - Ijyb
Aim: Ijyb, wearing a ring mail and carrying a wand of flame (?/48) {zapped: 1} (moderately wounded)
You throw a stone. The stone hits Ijyb but does no damage.
Ijyb is moderately wounded.
Ijyb hits you but does no damage.
Throwing (i - inventory. (,) - cycle):
i - 15 stones (quivered)
Press: ? - help, Shift-Dir - straight line, f/p - Ijyb
Aim: Ijyb, wearing a ring mail and carrying a wand of flame (?/48) {zapped: 1} (lightly wounded)
You throw a stone. The stone hits Ijyb.
Ijyb is moderately wounded.
Ijyb barely misses you.
There is a faded altar of an unknown god here.
Ijyb screams, "I cut your head off!"
Ijyb zaps a wand.
The puff of flame hits you! You resist.
You die...

.#####.####..#
#.# #†# #..###
#.# #.# #....##
#.#
.#####.####..#..#
#.#
.............##.#
#.#
#......####.###†#
#.# #.######
#.##.######.# #
#..##.##....# ###
#.####@##†.## ..
#..##_###..# #.
####g## #..#
##.## ##.###..#
#(.(#######(#...#
#.#.(.g..#.##..##
#(....g..#(#..##
###(#####g..#.#
#(# #.#(#.#


You could see Ijyb.

Vanquished Creatures
  A gnoll (D:1)
  An ooze (D:2)
  A worm (D:2)
  A leopard gecko (D:2)
  A ball python (D:1)
  6 bats
  A giant cockroach (D:1)
  13 goblins
  6 hobgoblins
  4 jackals (D:1)
  4 kobolds
  6 rats
45 creatures vanquished.

Notes
Turn   | Place    | Note
-------+----------+-------------------------------------------
     0 | D:1      | FollowTheCloud the Demonspawn Hunter began the quest for the Orb.
     0 | D:1      | Reached XP level 1. HP: 16/16 MP: 1/1
   158 | D:1      | Gained mutation: You are partially covered in rugged brown scales. (AC +1, +3% HP) [demonic ancestry]
   158 | D:1      | Reached XP level 2. HP: 16/22 MP: 2/2
   163 | D:1      | Reached skill level 4 in Throwing
   360 | D:1      | Gained mutation: Your flesh is heat resistant. (rF+) [demonic ancestry]
   360 | D:1      | Reached XP level 3. HP: 7/27 MP: 3/3
  1649 | D:2      | Found a faded altar of an unknown god.
  1699 | D:2      | Noticed Ijyb
  1720 | D:2      | Gained mutation: You are immune to clouds of flame. [demonic ancestry]
  1720 | D:2      | Reached XP level 4. HP: 10/35 MP: 4/4
  1741 | D:2      | Killed from afar by Ijyb

Skill      XL: |  1  2 |
---------------+-------+-----
Throwing       | 4 |  4.4
Dodging        | 2 |  2.0
Fighting       | |  2.5
Short Blades   | |  0.6
Armour         | |  0.8
Stealth        | |  0.8

Action                   |  1- 3 |  4- 6 || total
-------------------------+-------+-------++-------
Melee: Short sword       |   124 |     6 ||   130
Throw: Javelin           |    10 |       ||    10
       Stone             |    43 |     6 ||    49
 Stab: Distracted        |     1 |       ||     1
  Eat: Chunk             |     2 |       ||     2
Armor: Leather armour    |    49 |     3 ||    52
Dodge: Dodged            |    94 |     3 ||    97
